Rangers vs Blue Jackets
Created - 23 mars 2014 at 20:22
Goals
|
| Rangers |
1 |
1 |
0 |
2 |
| Blue Jackets |
1 |
0 |
2 |
3 |
|
Shots
|
| Rangers |
12 |
7 |
10 |
29 |
| Blue Jackets |
16 |
9 |
11 |
36 |
|
1st period
1. Rangers , Patrice Bergeron 27 (Drew Stafford) at 2:50
2. Blue Jackets , Marc Savard 44 (Kevin Bieksa) at 17:12
Penalties :
No Penalty
2nd period
3. Rangers , Matt Read 3 (Jaroslav Balastik, Bryan Berard) at 16:16
Penalties :
Bryan Berard (NYR) for Hooking (Minor) at 8:16
3rd period
4. Blue Jackets , Pavel Bure 30 (Marc Savard) at 2:35 (PP)
5. Blue Jackets , Dave Steckel 5 (T.J Galiardi, Adam Deadmarsh) at 7:32
Penalties :
Matt Read (NYR) for Holding (Minor) at 2:22, Bates Battaglia (Clb) for High sticking (Minor) at 8:31, Patrick Sharp (NYR) for Tripping (Minor) at 13:42
Goalie Stats
Henrik Lundqvist (NYR), 33 saves from 36 shots - (0,917), L, 28-22-6, 59:00 minutes
Miika Kiprusoff (Clb), 27 saves from 29 shots - (0,931), W, 31-20-5, 60:00 minutes
Players Stats for Rangers
Player Name G A P +/- PIM S H SB GA TA FO MP PP MP PK MP
------------------------------------------------------------------------------------
Alexandre Burrows 0 0 0 1 0 0 1 0 0 0 0/0 15:39 0:59 1:18
Brad Richards 0 0 0 -1 0 2 3 1 0 1 19/38 22:17 1:00 2:27
Bryan Berard 0 1 1 1 2 1 4 2 1 0 0/0 18:07 0:56 0:44
Byron Ritchie 0 0 0 0 0 1 0 0 0 0 1/3 8:33 0:00 1:33
Cam Barker 0 0 0 -1 0 2 2 2 2 0 0/0 26:26 1:03 2:37
Drew Stafford 0 1 1 1 0 2 2 0 1 0 2/2 14:44 0:59 0:00
Dustin Brown 0 0 0 -1 0 0 2 0 1 1 0/0 20:33 1:00 0:23
Igor Radulov 0 0 0 0 0 2 0 0 0 0 0/0 7:36 0:00 0:33
Jaroslav Balastik 0 1 1 0 0 4 1 0 0 1 0/0 14:27 0:00 0:00
Kimmo Timonen 0 0 0 -1 0 3 1 1 0 1 0/0 26:26 1:03 2:37
Kyle McLaren 0 0 0 1 0 0 0 0 0 0 0/0 18:58 0:56 1:34
Mark Fistric 0 0 0 0 0 3 1 1 0 1 0/0 15:34 0:00 0:50
Matt Greene 0 0 0 0 0 1 1 0 1 1 0/0 14:36 0:00 0:00
Matt Read 1 0 1 0 2 2 3 2 0 0 0/0 14:00 0:00 0:00
Mikko Lehtonen 0 0 0 0 0 0 0 0 0 0 0/0 6:50 0:00 0:00
Patrice Bergeron 1 0 1 1 0 4 1 0 0 0 5/13 15:29 0:59 0:47
Patrick Sharp 0 0 0 -1 2 2 3 0 1 1 0/0 21:14 1:00 1:21
Valtteri Filppula 0 0 0 0 0 0 0 0 2 1 2/6 14:17 0:00 0:00
Players Stats for Blue Jackets
Player Name G A P +/- PIM S H SB GA TA FO MP PP MP PK MP
------------------------------------------------------------------------------------
A.J Thelen 0 0 0 0 0 1 0 1 0 1 0/0 12:40 0:35 0:00
Adam Deadmarsh 0 1 1 1 0 1 0 0 1 1 1/1 10:29 0:46 0:28
Bates Battaglia 0 0 0 0 2 1 3 0 0 0 0/1 13:15 0:00 0:00
Blake Wheeler 0 0 0 -1 0 3 4 0 0 0 1/2 18:40 2:12 0:00
Brad Stuart 0 0 0 0 0 1 2 0 1 1 0/0 18:44 2:00 1:03
Chris Kelly 0 0 0 0 0 2 3 0 0 0 1/2 11:55 0:37 0:21
Dave Steckel 1 0 1 1 0 3 1 0 0 0 1/4 9:30 0:00 0:00
David Booth 0 0 0 -1 0 1 0 1 0 0 0/1 20:32 1:39 0:59
Derek Morris 0 0 0 0 0 1 1 0 0 0 0/0 12:45 0:35 0:00
Greg De Vries 0 0 0 0 0 3 3 0 0 0 0/0 18:56 2:00 1:03
Jan Bulis 0 0 0 0 0 2 3 0 0 0 8/15 15:51 2:12 0:10
Jason Ward 0 0 0 0 0 0 1 0 0 1 0/0 11:34 0:37 0:00
Kevin Bieksa 0 1 1 0 0 2 2 1 2 1 0/0 28:19 1:36 0:56
Marc Savard 1 1 2 -1 0 4 2 0 1 0 21/36 22:03 1:09 1:00
Marcus Nilson 0 0 0 0 0 3 1 0 2 1 0/0 15:44 2:12 0:00
Pavel Bure 1 0 1 0 0 5 0 0 1 1 0/0 19:02 1:09 1:00
T.J Galiardi 0 1 1 1 0 1 0 0 0 0 0/0 9:42 0:00 0:00
Wade Redden 0 0 0 0 0 2 3 2 0 2 0/0 28:19 1:36 0:56
3 Stars
1 - Marc Savard (Clb)
2 - Dave Steckel (Clb)
3 - Patrice Bergeron (NYR)
Power Play
Rangers - 0 on 1 Attempt(s) - 0,00%
Blue Jackets - 1 on 3 Attempt(s) - 33,33%
Penalty Kill
Rangers - 2 on 3 Attempt(s) - 66,67%
- Score 0 goal in Penalty Kill
Blue Jackets - 1 on 1 Attempt(s) - 100,00%
- Score 0 goal in Penalty Kill
Official
Referees : Kimmerly Greg and Rehman Kyle
Linesman : Mike Cvik and Don Henderson
Game Notes
No Game Note
Finance
Level 1 -- Attendance: 4776 (79,60%) -- Ticket Income 429 840 $
Level 2 -- Attendance: 3926 (78,52%) -- Ticket Income 215 930 $
Level 3 -- Attendance: 2000 (100,00%) -- Ticket Income 60 000 $
Level 4 -- Attendance: 3129 (78,23%) -- Ticket Income 62 580 $
Luxury Box -- Attendance: 690 (69,00%) -- Ticket Income 127 650 $
Game was played at the Ohio State Arena
Total Attendance: 14521 (80,67%)
Total Ticket Income: 896 000 $
Other Income: 134 400 $
Total Income: 1 030 400 $
Rangers
5 vs 5 Forward
Center Left Wing Right Wing Time % Phy DF OF
1 Brad Richards Patrick Sharp Dustin Brown 40 1 2 2
2 Patrice Bergeron Alexandre Burrows Drew Stafford 30 1 2 2
3 Valtteri Filppula Jaroslav Balastik Matt Read 20 1 2 2
4 Byron Ritchie Igor Radulov Mikko Lehtonen 10 1 2 2
5 vs 5 Defense
Defense Defense Time % Phy DF OF
1 Cam Barker Kimmo Timonen 40 1 2 2
2 Kyle McLaren Bryan Berard 30 1 2 2
3 Matt Greene Mark Fistric 20 1 2 2
4 Cam Barker Kimmo Timonen 10 1 2 2
PowerPlay Forward
Center Left Wing Right Wing Time % Phy DF OF
1 Brad Richards Patrick Sharp Dustin Brown 60 1 2 2
2 Patrice Bergeron Alexandre Burrows Drew Stafford 40 1 2 2
PowerPlay Defense
Defense Defense Time % Phy DF OF
1 Cam Barker Kimmo Timonen 60 1 2 2
2 Kyle McLaren Bryan Berard 40 1 2 2
Penalty Kill 4 Players Forward
Center Wing Time % Phy DF OF
1 Brad Richards Patrick Sharp 60 1 2 2
2 Patrice Bergeron Dustin Brown 40 1 2 2
Penalty Kill 4 Players Defense
Defense Defense Time % Phy DF OF
1 Cam Barker Kimmo Timonen 60 1 2 2
2 Kyle McLaren Bryan Berard 40 1 2 2
Penalty Kill - 3 Players Forward
Forward Time % Phy DF OF
1 Brad Richards 60 1 2 2
2 Patrick Sharp 40 1 2 2
Penalty Kill - 3 Players Defense
Defense Defense Time % Phy DF OF
1 Cam Barker Kimmo Timonen 60 1 2 2
2 Kyle McLaren Bryan Berard 40 1 2 2
4 vs 4 Forward
Center Wing Time % Phy DF OF
1 Brad Richards Patrick Sharp 60 1 2 2
2 Patrice Bergeron Dustin Brown 40 1 2 2
4 vs 4 Defense
Defense Defense Time % Phy DF OF
1 Cam Barker Kimmo Timonen 60 1 2 2
2 Kyle McLaren Bryan Berard 40 1 2 2
Last Minutes Offensive
Center Left Wing Right Wing Defense Defense
Brad Richards Patrick Sharp Dustin Brown Cam Barker Kimmo Timonen
Last Minutes Defensive
Center Left Wing Right Wing Defense Defense
Brad Richards Patrick Sharp Dustin Brown Cam Barker Kimmo Timonen
Goaltenders
Starting : Henrik Lundqvist
Backup : Hannu Toivonen
Extra Forwards
Normal : Valtteri Filppula, Jaroslav Balastik, Byron Ritchie - PP : Valtteri Filppula, Jaroslav Balastik - PK : Byron Ritchie
Extra Defensemen
Normal : Matt Greene, Mark Fistric, Kyle McLaren - PP : Matt Greene - PK : Mark Fistric, Kyle McLaren
Penalty Shots
Brad Richards, Patrick Sharp, Patrice Bergeron, Dustin Brown, Drew Stafford
Blue Jackets
5 vs 5 Forward
Center Left Wing Right Wing Time % Phy DF OF
1 Marc Savard David Booth Blake Wheeler 40 1 2 2
2 Jan Bulis Marcus Nilson Pavel Bure 30 1 2 2
3 Chris Kelly Bates Battaglia Jason Ward 20 1 2 2
4 Dave Steckel T.J Galiardi Adam Deadmarsh 10 1 2 2
5 vs 5 Defense
Defense Defense Time % Phy DF OF
1 Wade Redden Kevin Bieksa 40 1 2 2
2 Greg De Vries Brad Stuart 30 1 2 2
3 Derek Morris A.J Thelen 20 1 2 2
4 Wade Redden Kevin Bieksa 10 1 2 2
PowerPlay Forward
Center Left Wing Right Wing Time % Phy DF OF
1 Marc Savard David Booth Pavel Bure 60 1 2 2
2 Jan Bulis Marcus Nilson Blake Wheeler 40 1 2 2
PowerPlay Defense
Defense Defense Time % Phy DF OF
1 Wade Redden Kevin Bieksa 60 1 2 2
2 Greg De Vries Brad Stuart 40 1 2 2
Penalty Kill 4 Players Forward
Center Wing Time % Phy DF OF
1 Marc Savard Pavel Bure 60 1 2 2
2 David Booth Jan Bulis 40 1 2 2
Penalty Kill 4 Players Defense
Defense Defense Time % Phy DF OF
1 Wade Redden Kevin Bieksa 60 1 2 2
2 Greg De Vries Brad Stuart 40 1 2 2
Penalty Kill - 3 Players Forward
Forward Time % Phy DF OF
1 Marc Savard 60 1 2 2
2 Pavel Bure 40 1 2 2
Penalty Kill - 3 Players Defense
Defense Defense Time % Phy DF OF
1 Wade Redden Kevin Bieksa 60 1 2 2
2 Greg De Vries Brad Stuart 40 1 2 2
4 vs 4 Forward
Center Wing Time % Phy DF OF
1 Marc Savard Pavel Bure 60 1 2 2
2 David Booth Jan Bulis 40 1 2 2
4 vs 4 Defense
Defense Defense Time % Phy DF OF
1 Wade Redden Kevin Bieksa 60 1 2 2
2 Greg De Vries Brad Stuart 40 1 2 2
Last Minutes Offensive
Center Left Wing Right Wing Defense Defense
Marc Savard David Booth Pavel Bure Wade Redden Kevin Bieksa
Last Minutes Defensive
Center Left Wing Right Wing Defense Defense
Marc Savard David Booth Pavel Bure Wade Redden Kevin Bieksa
Goaltenders
Starting : Miika Kiprusoff
Backup : Jaroslav Halak
Extra Forwards
Normal : Chris Kelly, Jason Ward, Adam Deadmarsh - PP : Chris Kelly, Jason Ward - PK : Adam Deadmarsh
Extra Defensemen
Normal : Derek Morris, A.J Thelen, Greg De Vries - PP : Derek Morris - PK : A.J Thelen, Greg De Vries
Penalty Shots
Marc Savard, Pavel Bure, David Booth, Jan Bulis, Blake Wheeler
% Time on Ice - Rangers
Lines # - Real PCT - Wanted PCT - Time Play
Normal Forward
1 - 33% - 40% - 17:22
2 - 29% - 30% - 15:01
3 - 27% - 20% - 14:01
4 - 12% - 10% - 6:11
Normal Defense
1 - 36% - 40% - 18:49
2 - 31% - 30% - 16:28
3 - 27% - 20% - 14:26
4 - 5% - 10% - 2:52
PP Forward
1 - 50% - 60% - 1:00
2 - 50% - 40% - 0:59
PP Defense
1 - 53% - 60% - 1:03
2 - 47% - 40% - 0:56
PK Forward
1 - 91% - 60% - 3:48
2 - 9% - 40% - 0:23
PK Defense
1 - 63% - 60% - 2:37
2 - 37% - 40% - 1:34
PK3 Forward
1 - 0% - 60%
2 - 0% - 40%
PK3 Defense
1 - 0% - 60%
2 - 0% - 40%
44 Forward
1 - 0% - 60%
2 - 0% - 40%
44 Defense
1 - 0% - 60%
2 - 0% - 40%
Last Minute Offensive - 1:15
Last Minute Defensive - 0:00
Total
Forward - 60:00
Defense - 60:00
|
% Time on Ice - Blue Jackets
Lines # - Real PCT - Wanted PCT - Time Play
Normal Forward
1 - 35% - 40% - 18:40
2 - 29% - 30% - 15:31
3 - 19% - 20% - 9:55
4 - 16% - 10% - 8:30
Normal Defense
1 - 40% - 40% - 20:51
2 - 30% - 30% - 15:53
3 - 23% - 20% - 12:10
4 - 7% - 10% - 3:42
PP Forward
1 - 27% - 60% - 1:09
2 - 73% - 40% - 3:02
PP Defense
1 - 38% - 60% - 1:36
2 - 62% - 40% - 2:35
PK Forward
1 - 92% - 60% - 1:49
2 - 8% - 40% - 0:10
PK Defense
1 - 47% - 60% - 0:56
2 - 53% - 40% - 1:03
PK3 Forward
1 - 0% - 60%
2 - 0% - 40%
PK3 Defense
1 - 0% - 60%
2 - 0% - 40%
44 Forward
1 - 0% - 60%
2 - 0% - 40%
44 Defense
1 - 0% - 60%
2 - 0% - 40%
Last Minute Offensive - 0:00
Last Minute Defensive - 1:14
Total
Forward - 60:00
Defense - 60:00
|
Play by Play
1st period
0:01 of 1st period - Brad Richards wins face-off versus Marc Savard in neutral zone.
1:56 of 1st period - Blake Wheeler is hit by Dustin Brown and loses puck.
2:38 of 1st period - Wrist shot by Chris Kelly.
2:38 of 1st period - Shot Blocked by Cam Barker.
2:50 of 1st period - Snap shot by Patrice Bergeron.
2:50 of 1st period - Goal by Patrice Bergeron - Rangers : 1 - Blue Jackets : 0.
2:51 of 1st period - Marc Savard wins face-off versus Brad Richards in neutral zone.
2:56 of 1st period - Snap shot by David Booth.
2:56 of 1st period - Deflect By Kimmo Timonen.
2:56 of 1st period - Shot Misses the Net.
2:56 of 1st period - Puck is out of play.
2:57 of 1st period - Brad Richards wins face-off versus Marc Savard in Rangers zone.
2:57 of 1st period - Brad Richards is hit by Marc Savard.
3:05 of 1st period - Snap shot by Blake Wheeler.
3:05 of 1st period - Shot Misses the Net.
3:07 of 1st period - Slapshot by Greg De Vries.
3:07 of 1st period - Deflect By David Booth.
3:07 of 1st period - Shot Misses the Net.
3:07 of 1st period - Puck is out of play.
3:08 of 1st period - Brad Richards wins face-off versus Jan Bulis in Rangers zone.
3:13 of 1st period - Greg De Vries is hit by Patrick Sharp and loses puck.
3:42 of 1st period - Wrist shot by Drew Stafford.
3:42 of 1st period - Stopped by Miika Kiprusoff with a rebound.
3:44 of 1st period - Wrist shot by Patrice Bergeron.
3:44 of 1st period - Stopped by Miika Kiprusoff without a rebound.
3:45 of 1st period - Marc Savard wins face-off versus Patrice Bergeron in Blue Jackets zone.
4:32 of 1st period - Off-side.
4:33 of 1st period - Chris Kelly wins face-off versus Valtteri Filppula in neutral zone.
4:52 of 1st period - Slapshot by Valtteri Filppula.
4:52 of 1st period - Shot Misses the Net.
4:54 of 1st period - Wrist shot by Valtteri Filppula.
4:54 of 1st period - Deflect By Jaroslav Balastik.
4:54 of 1st period - Shot Misses the Net.
4:54 of 1st period - Puck is out of play.
4:55 of 1st period - Brad Richards wins face-off versus Marc Savard in Blue Jackets zone.
4:58 of 1st period - Wrist shot by Patrick Sharp.
4:58 of 1st period - Stopped by Miika Kiprusoff with a rebound.
5:29 of 1st period - Backhand shot by Drew Stafford.
5:29 of 1st period - Shot Misses the Net.
5:45 of 1st period - Wrist shot by Adam Deadmarsh.
5:45 of 1st period - Deflect By T.J Galiardi.
5:45 of 1st period - Shot Blocked by Matt Read.
5:45 of 1st period - Puck is out of play.
5:46 of 1st period - Brad Richards wins face-off versus Dave Steckel in Rangers zone.
6:32 of 1st period - Cam Barker is hit by Dave Steckel.
7:09 of 1st period - Slapshot by T.J Galiardi.
7:09 of 1st period - Stopped by Henrik Lundqvist without a rebound.
7:10 of 1st period - Marc Savard wins face-off versus Patrice Bergeron in Rangers zone.
7:23 of 1st period - Snap shot by Marc Savard.
7:23 of 1st period - Shot Misses the Net.
7:25 of 1st period - Snap shot by Blake Wheeler.
7:25 of 1st period - Stopped by Henrik Lundqvist with a rebound.
7:35 of 1st period - Pavel Bure is hit by Mark Fistric and loses puck.
8:00 of 1st period - Slapshot by Igor Radulov.
8:00 of 1st period - Stopped by Miika Kiprusoff with a rebound.
8:02 of 1st period - Slapshot by Mark Fistric.
8:02 of 1st period - Stopped by Miika Kiprusoff with a rebound.
8:04 of 1st period - Slapshot by Mark Fistric.
8:04 of 1st period - Stopped by Miika Kiprusoff without a rebound.
8:05 of 1st period - Patrice Bergeron wins face-off versus Marc Savard in Blue Jackets zone.
8:14 of 1st period - Slapshot by Kimmo Timonen.
8:14 of 1st period - Stopped by Miika Kiprusoff without a rebound.
8:15 of 1st period - Marc Savard wins face-off versus Patrice Bergeron in Blue Jackets zone.
8:39 of 1st period - Wrist shot by Patrice Bergeron.
8:39 of 1st period - Stopped by Miika Kiprusoff without a rebound.
8:40 of 1st period - Jan Bulis wins face-off versus Brad Richards in Blue Jackets zone.
8:40 of 1st period - Jan Bulis is hit by Brad Richards.
8:51 of 1st period - Wrist shot by Pavel Bure.
8:51 of 1st period - Stopped by Henrik Lundqvist without a rebound.
8:52 of 1st period - Patrice Bergeron wins face-off versus Blake Wheeler in Rangers zone.
9:17 of 1st period - Jan Bulis is hit by Bryan Berard and loses puck.
9:42 of 1st period - Slapshot by Kevin Bieksa.
9:42 of 1st period - Stopped by Henrik Lundqvist with a rebound.
10:20 of 1st period - Matt Greene is hit by Marcus Nilson and loses puck.
11:23 of 1st period - Slapshot by Kimmo Timonen.
11:23 of 1st period - Shot Misses the Net.
11:25 of 1st period - Slapshot by Cam Barker.
11:25 of 1st period - Shot Misses the Net.
11:27 of 1st period - Slapshot by Kimmo Timonen.
11:27 of 1st period - Stopped by Miika Kiprusoff without a rebound.
11:28 of 1st period - Jan Bulis wins face-off versus Patrice Bergeron in Blue Jackets zone.
11:33 of 1st period - Wrist shot by Jan Bulis.
11:33 of 1st period - Deflect By Cam Barker.
11:33 of 1st period - Stopped by Henrik Lundqvist with a rebound.
11:55 of 1st period - Patrick Sharp is hit by Greg De Vries and loses puck.
12:11 of 1st period - Icing by Kimmo Timonen.
12:12 of 1st period - Brad Richards wins face-off versus Chris Kelly in Rangers zone.
12:12 of 1st period - Brad Richards is hit by Bates Battaglia.
12:26 of 1st period - Snap shot by Jaroslav Balastik.
12:26 of 1st period - Stopped by Miika Kiprusoff with a rebound.
12:44 of 1st period - Igor Radulov is hit by Bates Battaglia and loses puck.
13:09 of 1st period - Patrick Sharp is hit by Blake Wheeler and loses puck.
13:30 of 1st period - Snap shot by Jan Bulis.
13:30 of 1st period - Shot Misses the Net.
13:32 of 1st period - Slapshot by Wade Redden.
13:32 of 1st period - Stopped by Henrik Lundqvist without a rebound.
13:33 of 1st period - Drew Stafford wins face-off versus Jan Bulis in Rangers zone.
14:31 of 1st period - Jason Ward is hit by Matt Read and loses puck.
14:50 of 1st period - Slapshot by Derek Morris.
14:50 of 1st period - Stopped by Henrik Lundqvist without a rebound.
14:51 of 1st period - Brad Richards wins face-off versus Marc Savard in Rangers zone.
15:16 of 1st period - Brad Stuart is hit by Drew Stafford and loses puck.
15:42 of 1st period - Mark Fistric is hit by Wade Redden and loses puck.
15:47 of 1st period - Wrist shot by Chris Kelly.
15:47 of 1st period - Stopped by Henrik Lundqvist with a rebound.
16:26 of 1st period - Dustin Brown is hit by Greg De Vries and loses puck.
16:45 of 1st period - Snap shot by Pavel Bure.
16:45 of 1st period - Stopped by Henrik Lundqvist with a rebound.
16:47 of 1st period - Slapshot by Greg De Vries.
16:47 of 1st period - Stopped by Henrik Lundqvist with a rebound.
16:49 of 1st period - Slapshot by Greg De Vries.
16:49 of 1st period - Stopped by Henrik Lundqvist with a rebound.
16:51 of 1st period - Snap shot by Pavel Bure.
16:51 of 1st period - Stopped by Henrik Lundqvist without a rebound.
16:52 of 1st period - Marc Savard wins face-off versus Brad Richards in Rangers zone.
16:55 of 1st period - Snap shot by Marc Savard.
16:55 of 1st period - Stopped by Henrik Lundqvist with a rebound.
16:57 of 1st period - Slapshot by Kevin Bieksa.
16:57 of 1st period - Deflect By David Booth.
16:57 of 1st period - Shot Misses the Net.
16:57 of 1st period - Puck is out of play.
16:58 of 1st period - Brad Richards wins face-off versus Marc Savard in Rangers zone.
16:58 of 1st period - Brad Richards is hit by Blake Wheeler.
17:12 of 1st period - Wrist shot by Marc Savard.
17:12 of 1st period - Goal by Marc Savard - Rangers : 1 - Blue Jackets : 1.
17:13 of 1st period - Drew Stafford wins face-off versus Marc Savard in neutral zone.
17:38 of 1st period - Patrick Sharp is hit by Bates Battaglia and loses puck.
17:51 of 1st period - Kimmo Timonen is hit by Chris Kelly and loses puck.
18:05 of 1st period - Backhand shot by Cam Barker.
18:05 of 1st period - Shot Misses the Net.
18:07 of 1st period - Snap shot by Matt Read.
18:07 of 1st period - Shot Misses the Net.
18:09 of 1st period - Wrist shot by Matt Read.
18:09 of 1st period - Stopped by Miika Kiprusoff without a rebound.
18:10 of 1st period - Marc Savard wins face-off versus Patrice Bergeron in Blue Jackets zone.
18:35 of 1st period - Dustin Brown is hit by Jan Bulis and loses puck.
18:44 of 1st period - Snap shot by Jan Bulis.
18:44 of 1st period - Stopped by Henrik Lundqvist without a rebound.
18:45 of 1st period - Marc Savard wins face-off versus Valtteri Filppula in Rangers zone.
19:00 of 1st period - Slapshot by Marc Savard.
19:00 of 1st period - Shot Blocked by Mark Fistric.
19:10 of 1st period - Jan Bulis is hit by Matt Greene and loses puck.
19:19 of 1st period - Wrist shot by Pavel Bure.
19:19 of 1st period - Deflect By Marcus Nilson.
19:19 of 1st period - Shot Misses the Net.
19:19 of 1st period - Puck is out of play.
19:20 of 1st period - Marc Savard wins face-off versus Patrice Bergeron in Rangers zone.
19:21 of 1st period - Slapshot by David Booth.
19:21 of 1st period - Stopped by Henrik Lundqvist with a rebound.
19:47 of 1st period - Brad Richards is hit by Wade Redden and loses puck.
Goals for this period are 1 for Rangers vs 1 for Blue Jackets.
Shots for this period are 12 for Rangers vs 16 for Blue Jackets.
2nd period
0:01 of 2nd period - Patrice Bergeron wins face-off versus Marc Savard in neutral zone.
0:23 of 2nd period - Blake Wheeler is hit by Patrice Bergeron.
0:39 of 2nd period - Bryan Berard is hit by Jan Bulis.
1:10 of 2nd period - Icing by Bryan Berard.
1:11 of 2nd period - Adam Deadmarsh wins face-off versus Byron Ritchie in Rangers zone.
1:18 of 2nd period - Snap shot by Adam Deadmarsh.
1:18 of 2nd period - Deflect By Bryan Berard.
1:18 of 2nd period - Stopped by Henrik Lundqvist without a rebound.
1:19 of 2nd period - Brad Richards wins face-off versus Marc Savard in Rangers zone.
1:50 of 2nd period - Snap shot by Marcus Nilson.
1:50 of 2nd period - Shot Misses the Net.
1:52 of 2nd period - Slapshot by Brad Stuart.
1:52 of 2nd period - Stopped by Henrik Lundqvist with a rebound.
1:54 of 2nd period - Wrist shot by Pavel Bure.
1:54 of 2nd period - Shot Blocked by Kimmo Timonen.
2:23 of 2nd period - Kimmo Timonen is hit by Blake Wheeler.
2:56 of 2nd period - Wrist shot by Brad Richards.
2:56 of 2nd period - Shot Blocked by A.J Thelen.
3:20 of 2nd period - Snap shot by Drew Stafford.
3:20 of 2nd period - Stopped by Miika Kiprusoff with a rebound.
3:23 of 2nd period - Icing by Marcus Nilson.
3:24 of 2nd period - Jan Bulis wins face-off versus Brad Richards in Blue Jackets zone.
4:34 of 2nd period - Snap shot by Brad Richards.
4:34 of 2nd period - Stopped by Miika Kiprusoff with a rebound.
5:57 of 2nd period - Wade Redden is hit by Patrick Sharp and loses puck.
6:14 of 2nd period - Wade Redden is hit by Drew Stafford and loses puck.
6:26 of 2nd period - Blake Wheeler is hit by Alexandre Burrows and loses puck.
6:42 of 2nd period - Kyle McLaren is hit by Greg De Vries and loses puck.
6:49 of 2nd period - Backhand shot by Marcus Nilson.
6:49 of 2nd period - Shot Blocked by Bryan Berard.
7:09 of 2nd period - Mark Fistric is hit by Derek Morris.
7:15 of 2nd period - Jason Ward is hit by Matt Read and loses puck.
7:37 of 2nd period - Kevin Bieksa is hit by Dustin Brown and loses puck.
7:56 of 2nd period - Wrist shot by Igor Radulov.
7:56 of 2nd period - Stopped by Miika Kiprusoff without a rebound.
7:57 of 2nd period - Marc Savard wins face-off versus Byron Ritchie in Blue Jackets zone.
8:04 of 2nd period - Byron Ritchie is hit by Marc Savard and loses puck.
8:09 of 2nd period - Snap shot by Blake Wheeler.
8:09 of 2nd period - Stopped by Henrik Lundqvist with a rebound.
8:11 of 2nd period - Slapshot by Greg De Vries.
8:11 of 2nd period - Stopped by Henrik Lundqvist without a rebound.
8:12 of 2nd period - Jan Bulis wins face-off versus Brad Richards in Rangers zone.
8:16 of 2nd period - Minor Penalty to Bryan Berard for Hooking.
8:17 of 2nd period - Marc Savard wins face-off versus Brad Richards in Rangers zone.
8:52 of 2nd period - Icing by Jan Bulis.
8:53 of 2nd period - Brad Richards wins face-off versus Jan Bulis in Blue Jackets zone.
9:04 of 2nd period - Slapshot by Wade Redden.
9:04 of 2nd period - Shot Misses the Net.
10:16 of 2nd period - Penalty to Bryan Berard is over, Bryan Berard is back on ice.
10:49 of 2nd period - Jaroslav Balastik is hit by Chris Kelly and loses puck.
10:58 of 2nd period - Matt Read is hit by Brad Stuart and loses puck.
11:19 of 2nd period - Wrist shot by Jason Ward.
11:19 of 2nd period - Deflect By Chris Kelly.
11:19 of 2nd period - Stopped by Henrik Lundqvist with a rebound.
11:21 of 2nd period - Wrist shot by A.J Thelen.
11:21 of 2nd period - Stopped by Henrik Lundqvist without a rebound.
11:22 of 2nd period - Jan Bulis wins face-off versus Brad Richards in Rangers zone.
11:48 of 2nd period - Jan Bulis is hit by Bryan Berard and loses puck.
12:11 of 2nd period - Snap shot by Marcus Nilson.
12:11 of 2nd period - Deflect By Jan Bulis.
12:11 of 2nd period - Shot Blocked by Bryan Berard.
12:11 of 2nd period - Puck is out of play.
12:12 of 2nd period - Patrice Bergeron wins face-off versus David Booth in Rangers zone.
12:12 of 2nd period - Patrice Bergeron is hit by Blake Wheeler.
12:47 of 2nd period - Slapshot by Cam Barker.
12:47 of 2nd period - Shot Misses the Net.
12:49 of 2nd period - Snap shot by Cam Barker.
12:49 of 2nd period - Stopped by Miika Kiprusoff without a rebound.
12:50 of 2nd period - Marc Savard wins face-off versus Patrice Bergeron in Blue Jackets zone.
12:55 of 2nd period - Slapshot by Marc Savard.
12:55 of 2nd period - Shot Misses the Net.
13:00 of 2nd period - Icing by Patrice Bergeron.
13:01 of 2nd period - Marc Savard wins face-off versus Patrice Bergeron in Rangers zone.
13:32 of 2nd period - Wrist shot by Pavel Bure.
13:32 of 2nd period - Stopped by Henrik Lundqvist without a rebound.
13:33 of 2nd period - Marc Savard wins face-off versus Brad Richards in Rangers zone.
14:27 of 2nd period - Slapshot by Wade Redden.
14:27 of 2nd period - Stopped by Henrik Lundqvist without a rebound.
14:28 of 2nd period - Marc Savard wins face-off versus Brad Richards in Rangers zone.
15:37 of 2nd period - Icing by Kyle McLaren.
15:38 of 2nd period - Brad Richards wins face-off versus Bates Battaglia in Rangers zone.
15:38 of 2nd period - Brad Richards is hit by Kevin Bieksa.
16:12 of 2nd period - Wrist shot by Jaroslav Balastik.
16:12 of 2nd period - Shot Misses the Net.
16:14 of 2nd period - Snap shot by Jaroslav Balastik.
16:14 of 2nd period - Shot Misses the Net.
16:16 of 2nd period - Snap shot by Matt Read.
16:16 of 2nd period - Goal by Matt Read - Rangers : 2 - Blue Jackets : 1.
16:17 of 2nd period - Brad Richards wins face-off versus Marc Savard in neutral zone.
16:20 of 2nd period - Snap shot by Cam Barker.
16:20 of 2nd period - Shot Blocked by Kevin Bieksa.
16:22 of 2nd period - Slapshot by Kimmo Timonen.
16:22 of 2nd period - Stopped by Miika Kiprusoff without a rebound.
16:23 of 2nd period - Marc Savard wins face-off versus Brad Richards in Blue Jackets zone.
16:23 of 2nd period - Marc Savard is hit by Cam Barker.
17:54 of 2nd period - Slapshot by Matt Greene.
17:54 of 2nd period - Deflect By Greg De Vries.
17:54 of 2nd period - Stopped by Miika Kiprusoff with a rebound.
18:23 of 2nd period - Off-side.
18:24 of 2nd period - Blake Wheeler wins face-off versus Brad Richards in neutral zone.
18:24 of 2nd period - Blake Wheeler is hit by Brad Richards.
18:49 of 2nd period - David Booth is hit by Kimmo Timonen and loses puck.
19:44 of 2nd period - Wrist shot by Adam Deadmarsh.
19:44 of 2nd period - Shot Misses the Net.
19:46 of 2nd period - Wrist shot by Kevin Bieksa.
19:46 of 2nd period - Stopped by Henrik Lundqvist without a rebound.
19:47 of 2nd period - Brad Richards wins face-off versus Jan Bulis in Rangers zone.
Goals for this period are 1 for Rangers vs 0 for Blue Jackets.
Shots for this period are 7 for Rangers vs 9 for Blue Jackets.
3rd period
0:01 of 3rd period - Brad Richards wins face-off versus Marc Savard in neutral zone.
0:07 of 3rd period - Off-side.
0:08 of 3rd period - Marc Savard wins face-off versus Brad Richards in neutral zone.
0:42 of 3rd period - Snap shot by David Booth.
0:42 of 3rd period - Deflect By Blake Wheeler.
0:42 of 3rd period - Shot Misses the Net.
0:42 of 3rd period - Puck is out of play.
0:43 of 3rd period - Patrice Bergeron wins face-off versus Jan Bulis in Rangers zone.
0:43 of 3rd period - Patrice Bergeron is hit by Brad Stuart.
1:15 of 3rd period - Chris Kelly is hit by Jaroslav Balastik and loses puck.
1:32 of 3rd period - Slapshot by Bryan Berard.
1:32 of 3rd period - Stopped by Miika Kiprusoff without a rebound.
1:33 of 3rd period - Byron Ritchie wins face-off versus Dave Steckel in Blue Jackets zone.
1:40 of 3rd period - Snap shot by Igor Radulov.
1:40 of 3rd period - Shot Misses the Net.
1:42 of 3rd period - Wrist shot by Byron Ritchie.
1:42 of 3rd period - Stopped by Miika Kiprusoff without a rebound.
1:43 of 3rd period - Marc Savard wins face-off versus Brad Richards in Blue Jackets zone.
2:22 of 3rd period - Minor Penalty to Matt Read for Holding.
2:23 of 3rd period - Jan Bulis wins face-off versus Brad Richards in Rangers zone.
2:25 of 3rd period - Wrist shot by Blake Wheeler.
2:25 of 3rd period - Stopped by Henrik Lundqvist with a rebound.
2:27 of 3rd period - Slapshot by Kevin Bieksa.
2:27 of 3rd period - Shot Blocked by Cam Barker.
2:29 of 3rd period - Wrist shot by Blake Wheeler.
2:29 of 3rd period - Shot Blocked by Brad Richards.
2:31 of 3rd period - Wrist shot by Jan Bulis.
2:31 of 3rd period - Shot Misses the Net.
2:33 of 3rd period - Slapshot by Marcus Nilson.
2:33 of 3rd period - Stopped by Henrik Lundqvist without a rebound.
2:34 of 3rd period - Marc Savard wins face-off versus Brad Richards in Rangers zone.
2:35 of 3rd period - Snap shot by Pavel Bure.
2:35 of 3rd period - Goal by Pavel Bure - Rangers : 2 - Blue Jackets : 2.
2:36 of 3rd period - Brad Richards wins face-off versus Marc Savard in neutral zone.
2:47 of 3rd period - Dustin Brown is hit by Wade Redden and loses puck.
3:11 of 3rd period - Snap shot by Jan Bulis.
3:11 of 3rd period - Deflect By Marcus Nilson.
3:11 of 3rd period - Stopped by Henrik Lundqvist with a rebound.
4:29 of 3rd period - Snap shot by Patrice Bergeron.
4:29 of 3rd period - Stopped by Miika Kiprusoff with a rebound.
4:34 of 3rd period - Icing by Jan Bulis.
4:35 of 3rd period - Jan Bulis wins face-off versus Valtteri Filppula in Blue Jackets zone.
4:40 of 3rd period - Wrist shot by Jaroslav Balastik.
4:40 of 3rd period - Stopped by Miika Kiprusoff without a rebound.
4:41 of 3rd period - Valtteri Filppula wins face-off versus Marc Savard in Blue Jackets zone.
4:42 of 3rd period - Wrist shot by Jaroslav Balastik.
4:42 of 3rd period - Stopped by Miika Kiprusoff without a rebound.
4:43 of 3rd period - Marc Savard wins face-off versus Valtteri Filppula in Blue Jackets zone.
4:56 of 3rd period - Slapshot by Marc Savard.
4:56 of 3rd period - Shot Blocked by Matt Read.
6:00 of 3rd period - Snap shot by Marcus Nilson.
6:00 of 3rd period - Stopped by Henrik Lundqvist with a rebound.
6:02 of 3rd period - Slapshot by Greg De Vries.
6:02 of 3rd period - Deflect By Jan Bulis.
6:02 of 3rd period - Shot Hit the Post.
6:02 of 3rd period - Puck is out of play.
6:03 of 3rd period - Marc Savard wins face-off versus Brad Richards in Rangers zone.
6:28 of 3rd period - Jason Ward is hit by Cam Barker and loses puck.
6:47 of 3rd period - Wrist shot by Dave Steckel.
6:47 of 3rd period - Stopped by Henrik Lundqvist with a rebound.
6:49 of 3rd period - Slapshot by Derek Morris.
6:49 of 3rd period - Deflect By Dave Steckel.
6:49 of 3rd period - Stopped by Henrik Lundqvist without a rebound.
6:50 of 3rd period - Valtteri Filppula wins face-off versus Dave Steckel in Rangers zone.
7:32 of 3rd period - Wrist shot by Dave Steckel.
7:32 of 3rd period - Goal by Dave Steckel - Rangers : 2 - Blue Jackets : 3.
7:33 of 3rd period - Brad Richards wins face-off versus Marc Savard in neutral zone.
7:36 of 3rd period - David Booth is hit by Bryan Berard and loses puck.
7:59 of 3rd period - Bryan Berard is hit by Jan Bulis and loses puck.
8:31 of 3rd period - Minor Penalty to Bates Battaglia for High sticking.
8:32 of 3rd period - Marc Savard wins face-off versus Brad Richards in Blue Jackets zone.
8:40 of 3rd period - Marc Savard is hit by Brad Richards and loses puck.
10:31 of 3rd period - Penalty to Bates Battaglia is over, Bates Battaglia is back on ice.
10:44 of 3rd period - Wrist shot by Jaroslav Balastik.
10:44 of 3rd period - Shot Blocked by Wade Redden.
10:57 of 3rd period - Matt Read is hit by Kevin Bieksa and loses puck.
11:02 of 3rd period - Snap shot by Marc Savard.
11:02 of 3rd period - Shot Misses the Net.
11:08 of 3rd period - Slapshot by Jaroslav Balastik.
11:08 of 3rd period - Stopped by Miika Kiprusoff with a rebound.
11:26 of 3rd period - Snap shot by Bates Battaglia.
11:26 of 3rd period - Deflect By Marc Savard.
11:26 of 3rd period - Stopped by Henrik Lundqvist with a rebound.
11:38 of 3rd period - Snap shot by Pavel Bure.
11:38 of 3rd period - Deflect By Bates Battaglia.
11:38 of 3rd period - Stopped by Henrik Lundqvist with a rebound.
11:58 of 3rd period - Snap shot by Pavel Bure.
11:58 of 3rd period - Shot Misses the Net.
12:08 of 3rd period - Snap shot by Marc Savard.
12:08 of 3rd period - Stopped by Henrik Lundqvist with a rebound.
12:14 of 3rd period - Snap shot by Mark Fistric.
12:14 of 3rd period - Stopped by Miika Kiprusoff with a rebound.
12:48 of 3rd period - Bates Battaglia is hit by Matt Read and loses puck.
13:20 of 3rd period - Wrist shot by Jaroslav Balastik.
13:20 of 3rd period - Deflect By Wade Redden.
13:20 of 3rd period - Shot Misses the Net.
13:20 of 3rd period - Puck is out of play.
13:21 of 3rd period - Dave Steckel wins face-off versus Brad Richards in Blue Jackets zone.
13:21 of 3rd period - Dave Steckel is hit by Patrick Sharp.
13:42 of 3rd period - Minor Penalty to Patrick Sharp for Tripping.
13:43 of 3rd period - Brad Richards wins face-off versus Jan Bulis in Rangers zone.
13:54 of 3rd period - Slapshot by Blake Wheeler.
13:54 of 3rd period - Deflect By Jan Bulis.
13:54 of 3rd period - Shot Misses the Net.
13:54 of 3rd period - Puck is out of play.
13:55 of 3rd period - Brad Richards wins face-off versus Jan Bulis in Rangers zone.
14:48 of 3rd period - Byron Ritchie is hit by Jason Ward and loses puck.
15:42 of 3rd period - Penalty to Patrick Sharp is over, Patrick Sharp is back on ice.
15:49 of 3rd period - Chris Kelly is hit by Bryan Berard and loses puck.
16:43 of 3rd period - Dustin Brown is hit by Chris Kelly and loses puck.
18:30 of 3rd period - Off-side.
18:31 of 3rd period - Jan Bulis wins face-off versus Brad Richards in neutral zone.
19:00 of 3rd period - Rangers, Henrik Lundqvist is pulled from the net.
19:02 of 3rd period - Wrist shot by Kimmo Timonen.
19:02 of 3rd period - Shot Blocked by David Booth.
19:08 of 3rd period - Snap shot by Brad Richards.
19:08 of 3rd period - Shot Misses the Net.
19:10 of 3rd period - Snap shot by Cam Barker.
19:10 of 3rd period - Stopped by Miika Kiprusoff with a rebound.
19:22 of 3rd period - Slapshot by Dustin Brown.
19:22 of 3rd period - Shot Blocked by Wade Redden.
19:24 of 3rd period - Slapshot by Patrick Sharp.
19:24 of 3rd period - Shot Misses the Net.
19:26 of 3rd period - Snap shot by Brad Richards.
19:26 of 3rd period - Stopped by Miika Kiprusoff with a rebound.
19:40 of 3rd period - Snap shot by Brad Richards.
19:40 of 3rd period - Shot Misses the Net.
19:42 of 3rd period - Wrist shot by Patrick Sharp.
19:42 of 3rd period - Stopped by Miika Kiprusoff without a rebound.
19:43 of 3rd period - Michel Therrien call a timeout for Rangers.
19:43 of 3rd period - Brad Richards wins face-off versus Marc Savard in Blue Jackets zone.
Goals for this period are 0 for Rangers vs 2 for Blue Jackets.
Shots for this period are 10 for Rangers vs 11 for Blue Jackets.
Output by the SimonT Hockey Simulator (STHS) for François Prévost -- Original Page W3C XHTML 1.0 Valid